 Dungeon Crawl Stone Soup version 0.32-a0-876-gcfddb08e57 (webtiles) character file.

Game seed: 1955255501748087396

536 Skryme the Changeling (level 7, -4/33 HPs)
             Began as a Spriggan Shapeshifter on Apr 1, 2024.
             Was an Initiate of Vehumet.
             Slain by a water moccasin (7 damage)
             ... on level 5 of the Dungeon.
             The game lasted 00:08:46 (3394 turns).

Skryme the Changeling (Spriggan Shapeshifter)       Turns: 3394, Time: 00:08:47

Health: -4/33      AC:  3    Str: 10    XL:     7   Next: 4%
Magic:  13/13      EV: 16    Int: 20    God:    Vehumet [......]
Gold:   315        SH:  0    Dex: 14    Spells: 9/13 levels left

rFire   + . .        a - +1 short sword (venom)
rCold   x . .        (no shield)
rNeg    . . .        u - +1 animal skin
rPois   .            (helmet currently unavailable)
rElec   .            (cloak currently unavailable)
rCorr   .            (gloves unavailable)
SInv    +            (boots unavailable)
Will    +....        (no amulet)
Stlth   +++          e - ring of fire
HPRegen 0.25/turn    k - +6 ring of intelligence
MPRegen 0.13/turn

%: no passive effects
@: lethally poisoned (-4 -> -6), beast-form, very quick
A: beast (slay +2), very small, no large weapons, unfitting armour, see
invisible, speed 3
a: Begin Untransformation, Renounce Religion


You were on level 5 of the Dungeon.
You worshipped Vehumet.
Vehumet was noncommittal.
You were a hulking beast.
You visited 2 branches of the dungeon, and saw 6 of its levels.

You collected 315 gold pieces.

Inventory:

Hand Weapons
 a - a +1 short sword of venom (weapon)
 b - a +0 shortbow
 f - a +0 short sword
 r - a +0 trident
Missiles
 l - 6 poisoned darts
 y - 5 boomerangs (quivered)
Armour
 q - a +1 buckler of fire resistance
 u - a +1 animal skin (worn)
Magical Staves
 D - a staff of alchemy
Jewellery
 e - a ring of fire (left hand)
 k - a +6 ring of intelligence (right hand)
 m - a ring of positive energy
Talismans
 c - a beast talisman (active)
 d - a flux talisman
Wands
 s - a wand of paralysis (23)
 z - a wand of acid (10)
 C - a wand of roots (8)
Scrolls
 i - 3 scrolls of teleportation
 j - a scroll of immolation
 n - a scroll of enchant armour
 p - a scroll of noise {unknown}
 x - 2 scrolls of fog
 B - a scroll of torment {unknown}
 E - a scroll of identify {unknown}
 F - a scroll of amnesia {unknown}
Potions
 g - a potion of resistance {unknown}
 h - 2 potions of degeneration {unknown}
 o - 2 potions of mutation {unknown}
 t - a potion of haste {unknown}
 v - a potion of brilliance {unknown}
 w - a potion of ambrosia {unknown}
 A - a potion of curing {unknown}
 G - a potion of lignification


   Skills:
 - Level 1.1 Fighting
 - Level 0.3 Short Blades
 + Level 3.2 Ranged Weapons
 - Level 3.0 Dodging
 - Level 4.7 Stealth
 + Level 0.9 Shields
 - Level 2.5 Unarmed Combat
 + Level 3.8 Spellcasting
 + Level 3.2 Hexes
 - Level 4.8 Shapeshifting


You had 9 spell levels left.
You knew the following spells:

 Your Spells              Type           Power      Damage    Failure   Level
a - Sting                 Conj/Alch      12%        1d3       13%         1
b - Tukima's Dance        Hex            16%        N/A       11%         3

Your spell library contained the following spells:

 Spells                   Type           Power      Damage    Failure   Level
 Dazzling Flash           Conj/Hex       20%        N/A       21%         3
 Swiftness                Air            3%         N/A       36%         3
 Dimensional Bullseye     Hex/Tloc       5%         N/A       54%         4
 Iskenderun's Mystic Bla Conj/Tloc 3%             2d3        (+2d1     78%         4


Dungeon Overview and Level Annotations

Branches:
Dungeon (5/15)             Temple (1/1) D:4

Altars:
Ashenzari
Cheibriados
Dithmenos
Elyvilon
Fedhas
Gozag
Hepliaklqana
Kikubaaqudgha
Nemelex Xobeh
Qazlal
Sif Muna
Trog
Uskayaw
Vehumet
Wu Jian
Xom
Zin
The Shining One

Shops:
D:4 :


Innate Abilities, Weirdness & Mutations

You are a hulking beast.
Your limbs bulge with bestial killing power. (Slay +2)
You are very small and have problems with some larger weapons.
You are too small for most types of armour.
You have supernaturally acute eyesight. (SInv)
You cover ground extremely quickly. (Speed+++)


Message History

The adder hisses angrily.
The adder is lightly wounded.
The adder closely misses you.
You shoot an arrow. The arrow closely misses the adder.
The adder misses you.
You shoot an arrow. The arrow hits the adder!
The adder is almost dead.
The adder closely misses you.
You shoot an arrow. The arrow closely misses the adder.
The water moccasin closely misses you. The adder barely misses you.
The water moccasin bites you.
You are poisoned.
The water moccasin poisons you! The adder bites you.
You shoot an arrow. The arrow closely misses the adder.
You feel very sick. The water moccasin closely misses you.
The adder bites you but does no damage. The water moccasin bites you.
You shoot an arrow. The arrow hits the adder.
You kill the adder!
Vehumet accepts your kill.
You feel very sick.
The water moccasin completely misses you.
You shoot an arrow. The arrow hits the water moccasin!
The water moccasin is moderately wounded.
You feel sick. The water moccasin misses you. The water moccasin bites you.
You are too injured to fight recklessly!
Unknown command.
Your +1 short sword of venom begins to drip with poison!
a - a +1 short sword of venom (weapon)
You feel sick. The water moccasin misses you.
Unknown command.
You hit the water moccasin.
The water moccasin is heavily wounded.
You feel sick. The water moccasin bites you.
* * * LOW HITPOINT WARNING * * *
You hit the water moccasin.
The water moccasin is heavily wounded.
You feel sick. The water moccasin bites you.
* * * LOW HITPOINT WARNING * * *
The water moccasin bites you!
You die...

## .. .# .# #########.#
### #.......#.# ..#
#.#####.#S##.# #.# #.#
#.h†...# #.# #.#
#.(....# #.# #.#
#.#.#..# #.# #.#
#.#.......
####.####.#####.####.#.#
................. ...
####.####.####### .
.................
################.


You could see a water moccasin.

Vanquished Creatures
  A scorpion (D:5)
  A bombardier beetle (D:5)
  2 hounds (D:4)
  5 orc priests
  An iguana (D:5)
  4 gnolls (D:4)
  7 adders
  2 ufetubi (D:5)
  7 dart slugs
  15 orcs
  5 ball pythons
  6 bats
  8 endoplasms
  A giant cockroach (D:4)
  3 goblins
  7 hobgoblins
  2 jackals (D:1)
  A kobold (D:2)
  2 quokkas (D:1)
  4 frilled lizards
  2 rats
86 creatures vanquished.

Notes
Turn   | Place    | Note
-------+----------+-------------------------------------------
     0 | D:1      | Skryme the Spriggan Shapeshifter began the quest for the
                  | Orb.
     0 | D:1      | Reached XP level 1. HP: 9/9 MP: 2/2
    83 | D:1      | Reached skill level 1 in Fighting
   102 | D:1      | Reached XP level 2. HP: 11/14 MP: 3/3
   414 | D:1      | Reached skill level 1 in Stealth
   434 | D:1      | Got the Incunable of the Cumulonimbus and Violence
   606 | D:2      | Reached XP level 3. HP: 18/18 MP: 4/4
   624 | D:2      | Learned a level 1 spell: Sting
   688 | D:2      | Reached skill level 1 in Ranged Weapons
   770 | D:2      | Found a snail-covered altar of Cheibriados.
  1053 | D:3      | Reached skill level 1 in Spellcasting
  1089 | D:3      | Reached XP level 4. HP: 16/22 MP: 5/7
  1184 | D:3      | Learned a level 3 spell: Tukima's Dance
  1386 | D:3      | Identified the +1 leather armour "Merphebb" {Harm *Corrode
                  | +Inv}
  1843 | D:4      | Reached skill level 1 in Hexes
  1843 | D:4      | Reached XP level 5. HP: 8/25 MP: 7/9
  2070 | D:4      | Reached XP level 6. HP: 23/30 MP: 11/11
  2441 | D:4      | Found a staircase to the Ecumenical Temple.
  2453 | Temple   | Entered the Ecumenical Temple
  2497 | Temple   | Became a worshipper of The Xom-Meister
  2512 | Temple   | Fell from the grace of Xom
  2512 | Temple   | Became a worshipper of Vehumet
  2676 | D:4      | Found Somaomix's Vocational Training.
  2873 | D:4      | Identified a scroll of acquirement
  2873 | D:4      | Acquired a +1 buckler of fire resistance
  2891 | D:5      | Entered Level 5 of the Dungeon
  3135 | D:5      | XOM: 4-stop teleportation journey
  3147 | D:5      | Reached XP level 7. HP: 17/33 MP: 13/13
  3394 | D:5      | Slain by a water moccasin

Illustrated notes

Levels and vault maps discovered:
D:1:      mrwooster_arrival_statue, layout_rooms, minmay_tetromino_s4
D:2:      layout_rooms, basic_altar
D:3:      layout_loops_ring
D:4:      layout_loops_ring, minmay_temple_entry_waves, nicolae_shop_vocational
D:5:      layout_basic, st_stairs_8
Temple:   nicolae_temple_bog_church

Skill      XL: |  1  2  3  4  5  6 |
---------------+-------------------+-----
Fighting       | 1 |  1.1
Dodging        | 3 |  3.0
Stealth        | 1 2 3 4 |  4.7
Ranged Weapons | 1 2 3 |  3.2
Spellcasting   | 1 2 3 |  3.8
Hexes          | 1 2 3 |  3.2
Short Blades   | |  0.3
Shields        | |  0.9
Unarmed Combat | |  2.5
Shapeshifting  | |  4.8

Action                     |  1- 3 |  4- 6 |  7- 9 || total
---------------------------+-------+-------+-------++-------
  Melee: Unarmed           |    23 |       |       ||    23
         Punch             |     1 |       |       ||     1
         Short sword       |       |    52 |     2 ||    54
   Fire: Shortbow          |    55 |   140 |    17 ||   212
   Cast: Sting             |       |    10 |       ||    10
Ability: Begin Untransform |       |     1 |       ||     1
    Use: Scroll            |     3 |     4 |       ||     7
         Potion            |       |     1 |       ||     1
 Armour: Animal skin       |    11 |    63 |     9 ||    83
         Skin              |       |    10 |       ||    10
  Dodge: Dodged            |    27 |   114 |    11 ||   152
   Form: Beast             |       |     1 |       ||     1

Table legend: (Time is in decaauts)
 A = Elapsed time spent in this place.
 B = Non-inter-level travel time spent in this place.
 C = Inter-level travel time spent in this place.
 D = Time resting spent in this place.
 E = Time spent auto-exploring this place.
 F = Levels seen in this place.
 G = Mean time per level.
                   A        B        C        D        E       F      G
               +--------+--------+--------+--------+--------+-----+--------+
         Total |   2498 |   2438 |     60 |    471 |   1313 |   6 |  416.3 |
       Dungeon |   2448 |   2388 |     60 |    471 |   1313 |   5 |  489.6 |
        Temple |     49 |     49 |      0 |      0 |      0 |   1 |   49.0 |
               +--------+--------+--------+--------+--------+-----+--------+

Top non-repeatable levels by time:
     D:4: 716 daAuts
     D:3: 602 daAuts
     D:5: 430 daAuts
     D:1: 418 daAuts
     D:2: 281 daAuts
  Temple: 49 daAuts
